AoeStats
← die trying

MegaRandom

503420919Analyzed
1v1 RM · 1mo ago on Aug 31, 2026· 37m 58s· 2 players
Game mode
Random Map
Map size
Tiny (2 player)
Population
200
Speed
Normal
Resources
Standard
Victory
Conquest
Starting age
Dark Age
Ending age
Imperial Age
RankedLock teamsTeams togetherTeam positionsShared explorationLock speedFull tech treeHidden civsTurbo modeCheats
Victory
Defeat
🇩🇪 Italians · Germany
2146
+5
🇨🇱 Mongols · Chile
1863
-5
die trying
5:39 Loom
8:38 Feudal Age
9:00 Man-at-Arms
13:54 Fletching
16:49 Double-Bit Axe
18:11 Town Watch
22:14 Castle Age
22:21 Crossbowman
22:57 Bodkin Arrow
27:16 Ballistics
28:02 Padded Archer Armor
34:32 Husbandry
36:23 Elite Skirmisher
37:46 Leather Archer Armor
FelixAldi
6:29 Loom
9:30 Feudal Age
9:58 Double-Bit Axe
17:39 Padded Archer Armor
21:06 Castle Age
19:17 Horse Collar
19:30 Gold Mining
20:11 Fletching
21:44 Bodkin Arrow
21:13 Crossbowman
23:49 Ballistics
24:23 Leather Archer Armor
31:38 Town Watch
38:04 Bow Saw
Connection lost

Rejoining the realm…

Still unreachable

The connection could not be restored.

Session expired

The server has moved on; the page needs a fresh start.